 Dungeon Crawl Stone Soup version 0.26-a0-597-gb535b0901c (webtiles) character file.

Game seed: 4675644209600604582

53 Fingolfin the Ruffian (level 3, -1/35 HPs)
             Began as a Troll Transmuter on Sept 7, 2020.
             Was an Initiate of Yredelemnul.
             Slain by Sigmund
             ... wielding a +0 scythe
              (9 damage)
             ... on level 2 of the Dungeon.
             The game lasted 00:02:33 (771 turns).

Fingolfin the Ruffian (Troll Transmuter)             Turns: 771, Time: 00:02:34

Health: -1/35      AC:  6    Str: 18    XL:     3   Next: 64%
Magic:  3/3        EV:  7    Int: 10    God:    Yredelemnul [......]
Gold:   84         SH:  0    Dex: 10    Spells: 3/4 levels left

rFire    . . .     SeeInvis .   p - staff of earth (curse)
rCold    . . .     Faith    .   k - +0 kite shield
rNeg     . . .     Spirit   .   a - +0 robe
rPois    .         Reflect  .   (helmet restricted)
rElec    .         Harm     .   (no cloak)
rCorr    .                      (gloves unavailable)
MR       .....                  (boots unavailable)
Stlth    +.........             (no amulet)
HPRegen  0.51/turn              (no ring)
MPRegen  0.08/turn              (no ring)

@: confused
A: large, unfitting armour, claws 3, regeneration 1, shaggy fur 1, tough skin 3
a: Renounce Religion


You were on level 2 of the Dungeon.
You worshipped Yredelemnul.
Yredelemnul was noncommittal.
You visited 1 branch of the dungeon, and saw 2 of its levels.

You collected 84 gold pieces.

Inventory:

Missiles
 c - 29 stones (quivered)
 f - 16 poisoned darts
Armour
 a - a +0 robe (worn)
 k - a +0 kite shield (worn)
Magical Staves
 p - a cursed staff of earth (weapon)
Scrolls
 d - 2 scrolls of immolation {unknown}
 e - 5 scrolls of identify {unknown}
 g - a scroll of fear {unknown}
 n - a scroll of random uselessness {unknown}
 o - a scroll of teleportation {unknown}
Potions
 b - a potion of resistance {unknown}
 h - 2 potions of haste {unknown}
 i - a potion of degeneration {unknown}
 j - a potion of magic {unknown}
 l - a potion of curing {unknown}
 m - a potion of stabbing {unknown}


   Skills:
 + Level 1.7 Fighting
 - Level 1.5 Dodging
 - Level 3.0 Unarmed Combat
 - Level 1.2 Spellcasting
 - Level 2.6 Transmutations


You had 3 spell levels left.
You knew the following spells:

 Your Spells              Type           Power        Failure   Level
a - Beastly Appendage     Tmut           #.....       63%         1

Your spell library contained the following spells:

 Spells                   Type           Power        Failure   Level
 Wereblood                Tmut           #.......     77%         2
 Spider Form              Tmut/Pois      #.........   99%         3
 Ice Form                 Ice/Tmut       #.......     100%        4
 Blade Hands              Tmut           #.........   100%        5


Dungeon Overview and Level Annotations

Branches:
Dungeon (2/15)

Altars:
Dithmenos
Yredelemnul

Annotations:
D:2 Sigmund


Innate Abilities, Weirdness & Mutations

You are too large for most types of armour.
You have claws for hands.
Your natural rate of healing is unusually fast.
You are covered in fur. (AC +1)
You have extremely tough skin. (AC +3)


Message History

You hit Sigmund.
Sigmund is moderately wounded.
You block Sigmund's attack.
You hit Sigmund but do no damage.
Sigmund is moderately wounded.
Sigmund hits you with a +0 scythe.
You hit Sigmund.
Sigmund is heavily wounded.
Sigmund hits you with a +0 scythe!
* * * LOW HITPOINT WARNING * * *
You closely miss Sigmund.
Sigmund is heavily wounded.
Sigmund casts a spell at you.
You are confused.
You miss Sigmund.
Sigmund is heavily wounded.
Sigmund barely misses you.
You're too confused to move!
Sigmund hits you with a +0 scythe!
You die...
Your body rises from the dead as a mindless zombie.

###############
####.............#
.....###########.#
...<.# #@#
####.###### #@#
##.........# #..
#....#####.# ####
....[.# .........
......### #....##
##.#.#


You could see Sigmund.

Vanquished Creatures
  A gnoll (D:1)
  An adder (D:2)
  A worm (D:2)
  A dart slug (D:1)
  A leopard gecko (D:1)
  A ball python (D:1)
  2 giant cockroaches
  A goblin (D:1)
  8 hobgoblins
  4 bats (D:1)
  A frilled lizard (D:1)
  4 kobolds (D:1)
  2 rats (D:1)
28 creatures vanquished.

Notes
Turn   | Place    | Note
-------+----------+-------------------------------------------
     0 | D:1      | Fingolfin the Troll Transmuter began the quest for the Orb.
     0 | D:1      | Reached XP level 1. HP: 18/18 MP: 1/1
    35 | D:1      | Reached skill level 1 in Fighting
    68 | D:1      | Reached XP level 2. HP: 25/27 MP: 2/2
   305 | D:1      | Reached XP level 3. HP: 23/33 MP: 3/3
   467 | D:2      | Found a shadowy altar of Dithmenos.
   530 | D:2      | Found a basalt altar of Yredelemnul.
   538 | D:2      | Became a worshipper of Yredelemnul the Dark
   756 | D:2      | Noticed Sigmund
   771 | D:2      | Slain by Sigmund

Illustrated notes

Levels and vault maps discovered:
D:1:      scummos_arrival_simple_fountains, layout_rooms
D:2:      layout_loops_ring, yredelemnul_altar_generic, marbit_many_paths,
          uniq_sigmund

Skill      XL: |  1  2 |
---------------+-------+-----
Fighting       | 1 |  1.7
Transmutations | 2 |  2.6
Dodging        | |  1.5
Unarmed Combat | |  3.0
Spellcasting   | |  1.2

Action                   || total
-------------------------++-------
Melee: Unarmed           ||    85
       Punch             ||     1
       Staff             ||    12
Armor: Robe              ||    43
Dodge: Dodged            ||    66
Block: Kite shield       ||     7

Table legend: (Time is in decaauts)
 A = Elapsed time spent in this place.
 B = Non-inter-level travel time spent in this place.
 C = Inter-level travel time spent in this place.
 D = Time resting spent in this place.
 E = Time spent auto-exploring this place.
 F = Levels seen in this place.
 G = Mean time per level.
                   A        B        C        D        E       F      G
               +--------+--------+--------+--------+--------+-----+--------+
         Total |    769 |    748 |     21 |      0 |    539 |   2 |  384.5 |
       Dungeon |    769 |    748 |     21 |      0 |    539 |   2 |  384.5 |
               +--------+--------+--------+--------+--------+-----+--------+

Top non-repeatable levels by time:
     D:1: 437 daAuts
     D:2: 332 daAuts
